 Seeded DCSS version 0.29.1-15-g9cfb28693d (webtiles) character file.

Game seed: 3489164127388264442 (custom seed)

200 GigaChad the Chopper (level 5, -1/45 HPs)
             Began as a Minotaur Gladiator on Mar 11, 2023.
             Succumbed to a water moccasin's poison
             ... on level 3 of the Dungeon.
             The game lasted 00:04:02 (2876 turns).

GigaChad the Chopper (Minotaur Gladiator)           Turns: 2876, Time: 00:04:02

Health: -1/45      AC:  3    Str: 20    XL:     5   Next: 49%
Magic:  4/4        EV: 13    Int:  5    God:
Gold:   666        SH:  0    Dex: 12    Spells: 4/4 levels left

rFire   . . .      SeeInvis .   m - +3 battleaxe (vamp)
rCold   . . .      Faith    .   (shield currently unavailable)
rNeg    . . .      Spirit   .   b - +0 leather armour
rPois   .          Reflect  .   c - +0 hat
rElec   .          Harm     .   (no cloak)
rCorr   .          Rampage  .   (no gloves)
Will    .....                   (no boots)
Stlth   +.........              (no amulet)
HPRegen 0.15/turn               (no ring)
MPRegen 0.09/turn               (no ring)

@: lethally poisoned (-1 -> -6), attractive
A: horns 2, retaliatory headbutt
a: no special abilities


You were on level 3 of the Dungeon.
You visited 1 branch of the dungeon, and saw 3 of its levels.

You collected 884 gold pieces.
You spent 218 gold pieces at shops.

Inventory:

Hand Weapons
 a - a +0 war axe
 m - a +3 vampiric battleaxe (weapon)
Missiles
 d - 3 throwing nets (quivered)
 e - a javelin
Armour
 b - a +0 leather armour (worn)
 c - a +0 hat (worn)
Jewellery
 p - a +6 ring of strength
Wands
 w - a wand of quicksilver (11)
Scrolls
 f - a scroll of teleportation {unknown}
 h - a scroll of amnesia {unknown}
 i - a scroll of magic mapping {unknown}
 o - 2 scrolls of enchant armour
 v - a scroll of poison {unknown}
Potions
 g - 2 potions of magic {unknown}
 j - a potion of mutation
 k - a potion of heal wounds {unknown}
 n - 3 potions of might
 q - 2 potions of brilliance {unknown}
 r - a potion of haste {unknown}
 s - a potion of lignification {unknown}


   Skills:
 + Level 3.3 Fighting
 + Level 5.7 Axes
 + Level 2.0 Throwing
 + Level 2.6 Armour
 + Level 4.1 Dodging
 + Level 0.6 Stealth


You had 4 spell levels left.
You didn't know any spells.
Your spell library contained the following spells:

 Spells                   Type           Power      Damage    Failure   Level
 Sandblast                Erth           0%         2d4       52%         1
 Blink                    Tloc           0%         N/A       67%         2
 Passwall                 Tmut/Erth      0%         N/A       67%         2
 Gell's Gravitas          Tloc           0%         N/A       88%         3
 Ignite Poison            Fire/Tmut/Pois 0%         N/A       88%         3
 Lesser Beckoning         Tloc           0%         N/A       88%         3
 Mephitic Cloud           Conj/Pois/Air  0%         N/A       88%         3
 Stone Arrow              Conj/Erth      0%         3d7       88%         3
 Teleport Other           Tloc           0%         N/A       88%         3
 Freezing Cloud           Conj/Ice/Air   0%         6-21      100%        5
 Manifold Assault         Tloc           0%         N/A       100%        5


Dungeon Overview and Level Annotations

Branches:
Dungeon (3/15)

Altars:

Shops:
D:1 (*(*


Innate Abilities, Weirdness & Mutations

You have a pair of horns on your head.
You reflexively headbutt those who attack you in melee.


Message History

You feel very sick. The water moccasin closely misses you.
The frilled lizard barely misses you. You furiously retaliate!
You headbutt the frilled lizard.
You kill the frilled lizard!
The water moccasin bites you.
You are too injured to fight recklessly!
You are too injured to fight recklessly!
You feel sick. The water moccasin barely misses you.
You closely miss the water moccasin.
The water moccasin is severely wounded.
You feel sick.
The water moccasin completely misses you.
You furiously retaliate!
You headbutt the water moccasin. The water moccasin bites you.
You are lethally poisoned!
The water moccasin poisons you!
You barely miss the water moccasin.
The water moccasin is almost dead.
* * * LOW HITPOINT WARNING * * *
You feel very sick. The water moccasin bites you.
* * * LOW HITPOINT WARNING * * *
The water moccasin completely misses you.
You miss the water moccasin.
Your headbutt misses the water moccasin.
The water moccasin is almost dead.
* * * LOW HITPOINT WARNING * * *
You feel very sick. The water moccasin barely misses you.
You furiously retaliate!
You headbutt the water moccasin. The water moccasin closely misses you.
You miss the water moccasin. You headbutt the water moccasin.
You kill the water moccasin!
* * * LOW HITPOINT WARNING * * *
You feel sick.
Your Axes skill increases to level 5!
Your Dodging skill increases to level 4!
You have reached level 5!
It was a potion of attraction.
You feel attractive to monsters.
You die...

........ #.8..8..8.#
.....### #.........#
.#..## ##+##)##+##
..#.# #.)#[.## #..##
#.##...## #.## ..#
##...# ..# ##. ##..#
#.# # +##+##'# #.#
#..@...# #.# #...††)#
#.## #......#
...########...###...#
..........#... #...#
...##.##.##.. #...#
#####.##..#. .####
#.#####. .. #.#


There were no monsters in sight!

Vanquished Creatures
  A water moccasin (D:3)
  4 adders
  2 worms (D:2)
  3 dart slugs
  An orc (D:3)
  8 ball pythons
  5 bats
  4 endoplasms
  3 giant cockroaches
  2 goblins
  3 hobgoblins
  4 jackals
  A frilled lizard (D:3)
  2 kobolds (D:3)
  5 rats
48 creatures vanquished.

Vanquished Creatures (others)
  A plant (D:2)
1 creature vanquished.

Grand Total: 49 creatures vanquished

Notes
Turn   | Place    | Note
-------+----------+-------------------------------------------
     0 | D:1      | GigaChad the Minotaur Gladiator began the quest for the
                  | Orb.
     0 | D:1      | Reached XP level 1. HP: 18/18 MP: 0/0
   147 | D:1      | Reached skill level 4 in Axes
   147 | D:1      | Reached XP level 2. HP: 19/25 MP: 1/1
   222 | D:1      | Found Memokoir's Weapon Emporium.
   416 | D:1      | Found Zeti's Antique Weapon Boutique.
   575 | D:1      | Found Puxtej's Assorted Antiques.
   909 | D:1      | Found Coheu's General Store.
  1143 | D:2      | Reached XP level 3. HP: 20/30 MP: 2/2
  1297 | D:2      | Reached skill level 1 in Armour
  1396 | D:2      | Identified a scroll of acquirement
  1396 | D:2      | Acquired 742 gold pieces
  1460 | D:1      | Bought a runed battleaxe for 218 gold pieces
  1929 | D:2      | Found a faded altar of an unknown god.
  2663 | D:3      | Reached XP level 4. HP: 34/37 MP: 3/3
  2864 | D:3      | Noticed a water moccasin
  2875 | D:3      | Killed a water moccasin
  2875 | D:3      | HP: 1/38 [poisoned by a water moccasin]
  2876 | D:3      | Reached skill level 5 in Axes
  2876 | D:3      | Reached XP level 5. HP: 1/45 MP: 4/4
  2876 | D:3      | Succumbed to a water moccasin's poison

Illustrated notes

Levels and vault maps discovered:
D:1:      minmay_arrival_statue_studded, layout_basic, serial_shops, shop, shop,
          nicolae_shop_window_shopping, nicolae_shop_bloodbath_and_beyond,
          minivault_19, kennysheep_doodads, hex_medium, corexii_hall_statues_l,
          nrook_campfire, minivault_5
D:2:      layout_loops_ring, chequers_ecumenical_altar_lobes
D:3:      minmay_chambers_of_threes, layout_loops_corners

Skill      XL: |  1  2  3  4 |
---------------+-------------+-----
Axes           | 4 5 |  5.7
Armour         | 1 2 |  2.6
Fighting       | 3 |  3.3
Dodging        | 4 |  4.1
Throwing       | |  2.0
Stealth        | |  0.6

Action                   |  1- 3 |  4- 6 || total
-------------------------+-------+-------++-------
Melee: War axe           |    40 |       ||    40
       Headbutt          |    10 |     2 ||    12
       Battleaxe         |    18 |    23 ||    41
  Use: Scroll            |     5 |       ||     5
       Potion            |       |     1 ||     1
 Stab: Sleeping          |     1 |       ||     1
Armor: Leather armour    |    17 |     6 ||    23
Dodge: Dodged            |    38 |    21 ||    59
